AoeStats
← victor_hugo_cordeiro

Arena

505079426Analyzed
4v4 RM · 26d ago on Sep 7, 2026· 37m 57s· 8 players
Game mode
Random Map
Map size
Large (8 player)
Population
200
Speed
Normal
Resources
Standard
Victory
Conquest
Starting age
Dark Age
Ending age
Imperial Age
RankedLock teamsTeams togetherTeam positionsShared explorationLock speedFull tech treeHidden civsTurbo modeCheats
Victory
Defeat
🇹🇼 Sicilians · Taiwan
1086
+14
🇹🇼 Poles · Taiwan
1072
+14
🇧🇷 Portuguese · Brazil
1028
+16
🇨🇳 Berbers · China
1019
+17
🇹🇷 Cumans · Türkiye
1109
-18
🇬🇷 Spanish · Greece
1053
-16
🇲🇽 Burgundians · Mexico
1020
-15
🇹🇷 Bulgarians · Türkiye
966
-34
M@nte
11:07 Feudal Age
9:57 Loom
12:26 Fletching
13:29 Double-Bit Axe
20:58 Castle Age
19:17 Stone Mining
19:48 Gold Mining
20:02 Horse Collar
22:04 Bodkin Arrow
22:37 Heavy Plow
22:48 Bow Saw
29:53 Fortified Wall
30:05 Ballistics
31:17 Murder Holes
34:50 Imperial Age
32:44 Padded Archer Armor
34:41 Wheelbarrow
33:52 Town Watch
34:13 Husbandry
34:45 Masonry
36:05 Town Patrol
36:22 Hand Cart
37:18 Conscription
danny dillinger
6:12 Loom
8:57 Double-Bit Axe
13:06 Feudal Age
11:59 Horse Collar
14:07 Gold Mining
14:30 Bow Saw
20:31 Castle Age
20:01 Gold Shaft Mining
21:36 Stone Mining
gizzinoca
11:32 Feudal Age
16:25 Castle Age
15:05 Horse Collar
15:24 Double-Bit Axe
Immortal The First
2:57 Loom
11:19 Feudal Age
16:07 Castle Age
14:38 Double-Bit Axe
20:11 Bow Saw
21:42 Gold Mining
vm3bjo42538
5:40 Loom
6:09 Loom
9:00 Feudal Age
15:03 Double-Bit Axe
19:22 Castle Age
20:51 Pikeman
22:46 Wheelbarrow
25:21 Hand Cart
26:29 Forging
27:22 Gold Mining
31:52 Imperial Age
36:24 First Crusade
ZHurald ZHurdrada
11:30 Feudal Age
12:32 Double-Bit Axe
15:24 Castle Age
13:30 Horse Collar
17:06 Forging
17:02 Scale Barding Armor
17:32 Heavy Plow
19:25 Loom
20:19 Fervor
25:59 Wheelbarrow
27:48 Bow Saw
28:17 Iron Casting
27:48 Scale Barding Armor
32:16 Imperial Age
30:38 Chain Barding Armor
31:07 Hand Cart
31:47 Bloodlines
31:38 Husbandry
33:03 Town Watch
32:40 Cavalier
33:59 Plate Barding Armor
34:24 Blast Furnace
33:51 Conscription
34:27 Fletching
34:37 Padded Archer Armor
34:20 Treadmill Crane
35:41 Chemistry
35:02 Ballistics
34:55 Redemption
35:19 Crop Rotation
35:46 Maghrebi Camels
35:47 Kasbah
36:01 Bodkin Arrow
36:21 Leather Archer Armor
36:07 Scale Mail Armor
36:04 Murder Holes
36:27 Atonement
37:39 Bracer
38:09 Ring Archer Armor
37:55 Chain Mail Armor
37:47 Siege Engineers
37:53 Masonry
37:34 Heated Shot
37:54 Fortified Wall
BUTT
12:10 Feudal Age
16:17 Castle Age
15:36 Double-Bit Axe
15:41 Horse Collar
16:17 Stone Mining
18:15 Wheelbarrow
21:00 Gold Mining
21:26 Heavy Plow
22:17 Szlachta Privileges
23:01 Bloodlines
25:45 Scale Barding Armor
26:03 Forging
28:05 Bow Saw
28:56 Husbandry
30:09 Iron Casting
32:41 Hand Cart
33:01 Chain Barding Armor
victor_hugo_cordeiro
11:46 Feudal Age
15:23 Castle Age
14:31 Double-Bit Axe
14:45 Horse Collar
28:19 Bow Saw
28:10 Heavy Plow
32:43 Imperial Age
30:01 Loom
30:20 Padded Archer Armor
31:13 Circumnavigation
31:06 Stone Mining
31:09 Gold Mining
32:30 Wheelbarrow
31:41 Town Watch
32:18 Leather Archer Armor
32:29 Ballistics
33:45 Hand Cart
33:56 Conscription
34:02 Arquebus
34:45 Stone Shaft Mining
35:41 Two-Man Saw
36:07 Town Patrol
36:40 Ring Archer Armor
35:55 Treadmill Crane
36:12 Fletching
36:24 Scale Mail Armor
36:52 Sappers
37:04 Sappers
37:27 Elite Skirmisher
Connection lost

Rejoining the realm…

Still unreachable

The connection could not be restored.

Session expired

The server has moved on; the page needs a fresh start.